Map: Lockdown LE

Players

SortOf

  • Race: Zerg Zerg
  • League: Grandmaster

A.I. 1 (Very Easy) - Winner!

  • Race: Terran Terran

VOD

https://youtu.be/rekeTFPQf8Y?list=LL

Description

Time

  • Played on: June 24, 2026, 11:06 p.m.
  • Length: 6:53
Show
View Real Time Build Order
Export as new Build Order

SortOf Zerg 

Build Orders: Pool First 

Get SALT Encoding   

  8  0:00  Drone  
  9  0:10  Drone  
  10  0:16  Drone  
  11  0:21  Drone  
  12  0:32  Overlord  
  12  0:40  Extractor, Drone  
  13  0:51  Drone x2  
  15  0:59  Drone  
  16  1:06  Spawning Pool  
  16  1:10  Drone  
  16  1:17  Drone  
  17  1:34  Hatchery  
  16  1:41  Overlord  
  16  1:44  Drone  
  17  1:54  Queen  
  17  1:58  Extractor  
  17  1:59  Drone  
  19  2:03  Drone  
  19  2:06  Drone  
  21  2:14  Zergling x2  
  22  2:29  Drone  
  23  2:30  Queen  
  23  2:35  Overlord  
  25  2:43  Drone  
  26  2:46  Queen  
  26  2:47  Drone  
  29  2:53  Drone  
  29  2:56  Drone  
  31  3:01  Drone  
  31  3:02  Drone  
  31  3:03  Drone  
  34  3:06  Drone  
  34  3:08  Drone  
  36  3:16  Lair  
  36  3:20  Overlord  
  36  3:23  Drone  
  38  3:27  Drone  
  38  3:30  Drone  
  38  3:31  Drone  
  40  3:36  Metabolic Boost  
  40  3:37  Extractor  
  40  3:38  Drone  
  40  3:42  Drone x2  
  40  3:44  Drone  
  40  3:46  Drone  
  44  3:49  Overlord  
  44  3:50  Extractor  
  44  3:53  Drone  
  44  3:54  Drone  
  45  3:57  Drone  
  45  3:58  Drone x2  
  45  4:01  Extractor  
  47  4:04  Drone  
  47  4:07  Drone  
  49  4:12  Zergling x2  
  49  4:13  Zergling x4  
  49  4:16  Spire  
  51  4:19  Drone x2  
  53  4:24  Drone  
  53  4:26  Drone x2  
  53  4:27  Baneling Nest  
  53  4:30  Evolution Chamber  
  54  4:32  Overseer  
  54  4:34  Drone x2  
  56  4:42  Overlord  
  56  4:43  Overlord  
  56  4:54  Hatchery  
  55  5:00  Overlord  
  55  5:04  Zergling x4  
  57  5:11  Queen  
  59  5:15  Drone  
  60  5:22  Mutalisk x5  
  60  5:24  Mutalisk  
  72  5:29  Drone x3  
  72  5:32  Overlord  
  75  5:36  Drone x2  
  75  5:42  Centrifugal Hooks  
  77  5:46  Drone x3  
  80  5:50  Evolution Chamber  
  80  5:53  Mutalisk  
  80  5:56  Drone x2  
  83  6:00  Overlord  
  83  6:07  Drone x3  
  86  6:11  Overlord  
  86  6:13  Mutalisk  
  90  6:18  Drone x4  
  92  6:27  Zergling x10  
  92  6:29  Drone  
  92  6:30  Drone  
  99  6:32  Extractor x2  
  99  6:34  Overlord  
  101  6:40  Drone x2  
  101  6:41  Drone  
Show
View Real Time Build Order
Export as new Build Order

A.I. 1 (Very Easy) Terran - Winner!

Build Orders:  

Get SALT Encoding   

  8  0:00  SCV  
  9  0:13  SCV  
  10  0:25  SCV  
  11  0:37  SCV  
  12  0:47  Supply Depot  
  12  0:49  SCV  
  13  1:07  Refinery  
  13  1:08  SCV  
  14  1:13  Barracks  
  14  1:32  Supply Depot  
  14  1:42  Refinery  
  14  2:00  Orbital Command, Marine  
  15  2:19  Barracks Tech Lab  
  15  2:25  SCV  
  16  2:37  SCV  
  17  2:49  Marine, SCV  
  19  3:01  SCV  
  19  3:03  Supply Depot  
  20  3:13  SCV  
  21  3:26  SCV  
  22  3:38  Marauder  
  24  5:57  SCV  
  24  6:09  Marine  
  25  6:17  SCV  
  17  6:30  SCV  
Tags
 
Add a new tag
Caveats
  • Supply blocks, unpowered buildings, or Contaminate may cause inaccurate times.
  • Supply counts are checked every 10 seconds.